 Dungeon Crawl Stone Soup version 0.22-a0-904-g9a385b3 (webtiles) character file.

46 SirSamVimes the Gusty (level 3, 0/24 HPs)
             Began as a Hermit Crab Air Elementalist on Jan 22, 2020.
             Slain by an adder (4 damage)
             ... on level 2 of the Dungeon.
             The game lasted 00:04:39 (1232 turns).

SirSamVimes the Gusty (HCAE)                        Turns: 1232, Time: 00:04:39

Health: 0/24       AC:  2    Str:  8    XL:     3   Next: 66%
Magic:  3/8        EV: 12    Int: 18    God:
Gold:   38         SH:  0    Dex: 11    Spells: 6/7 levels left

rFire    . . .     SeeInvis .   (no weapon)
rCold    . . .     Gourm    .   (no shield)
rNeg     . . .     Faith    .   a - +0 robe
rPois    .         Spirit   .   (no cloak)
rElec    .         Reflect  .   (no amulet)
rCorr    .         Harm     .   (no ring)
MR       .....                  (no ring)
Stlth    ++........
HPRegen  0.08/turn
MPRegen  0.11/turn

@: no status effects
A: pincers, sturdy frame 3
a: no special abilities


You were on level 2 of the Dungeon.
You were not hungry.
You have taken the pledge of Justice.
You visited 1 branch of the dungeon, and saw 2 of its levels.

You collected 38 gold pieces.

Inventory:

Missiles
 d - a pie
Armour
 a - a +0 robe (worn)
Scrolls
 b - a scroll of magic mapping {unknown}
 e - a scroll of recharging {unknown}
 g - a scroll of enchant armour {unknown}
 h - a scroll of amnesia {unknown}
 i - a scroll of teleportation {unknown}
Potions
 f - a potion of restore abilities {unknown}
 j - a potion of haste {unknown}
Comestibles
 c - 3 rations


   Skills:
 - Level 2.1 Dodging
 - Level 2.0 Stealth
 - Level 2.6 Spellcasting
 + Level 2.7 Conjurations
 + Level 4.2 Air Magic


You had 6 spell levels left.
You knew the following spells:

 Your Spells              Type           Power        Failure   Level  Hunger
a - Shock                 Conj/Air       ##..         4%          1    #......

Your spell library contained the following spells:

 Spells                   Type           Power        Failure   Level  Hunger
 Lightning Bolt           Conj/Air       ##........   75%         5    ######.
 Repel Missiles           Chrm/Air       ##....       11%         2    ##.....
 Swiftness                Chrm/Air       ##......     11%         2    ##.....
 Airstrike                Air            ###.......   28%         4    #####..
 Static Discharge         Conj/Air       ##......     12%         3    ###....


Dungeon Overview and Level Annotations

Branches:
Dungeon (2/15)

Altars:


Innate Abilities, Weirdness & Mutations

Your physical structure is perfection and can not be permanently altered.
You have pincers for hands.
Your movements are significantly less encumbered by armour. (ER -6)


Message History

You scratch the gnoll.
The gnoll is severely wounded.
The gnoll hits you.
You scratch the gnoll.
The gnoll is severely wounded.
The gnoll barely misses you.
You scratch the gnoll.
The gnoll is almost dead.
The gnoll closely misses you. The gnoll hits you!
You scratch the gnoll but do no damage.
The gnoll is almost dead.
The gnoll hits you.
* * * LOW HITPOINT WARNING * * *
Unknown command.
An adder comes into view.
The adder barely misses you. The adder bites you.
* * * LOW HITPOINT WARNING * * *
The adder bites you.
You die...

#.##### ##.# #..# ###g##
########## #...#
#......... #.###
#.######## ##.##.######.#
#.....gg.##..# ##.....#..
#....###S@..## ##.........
#.....####..## #..........
##>#.........###..........
.......#####...#..........
#.. .... ###.#....(.....
#.....#. #.#...>......
#.#######............
#.................#..
#.###..########.########


You could see 2 gnolls and an adder.

Vanquished Creatures
  An adder (D:2)
  2 gnolls (D:2)
  A dart slug (D:1)
  A giant cockroach (D:1)
  2 goblins (D:1)
  A hobgoblin (D:2)
  5 bats (D:1)
  2 frilled lizards
  3 kobolds
  A rat (D:1)
19 creatures vanquished.

Notes
Turn   | Place    | Note
-------+----------+-------------------------------------------
     0 | D:1      | SirSamVimes the Hermit Crab Air Elementalist began the quest for the Orb.
     0 | D:1      | Reached XP level 1. HP: 13/13 MP: 5/5
   339 | D:1      | Reached XP level 2. HP: 18/19 MP: 4/6
  1095 | D:2      | Reached XP level 3. HP: 24/24 MP: 4/8
  1099 | D:2      | Reached skill level 4 in Air Magic
  1232 | D:2      | Slain by an adder

Vault maps used:
D:1:      dpeg_arrival_three_same_balls, serial_glass, glass_columns_a,
          glass_columns_a, glass_columns_c, glass_columns_b, feat_on_display
D:2:      hex_intersection, st_stairs_13, uniq_natasha, uniq_sigmund

Skill      XL: |  1  2  3 |
---------------+----------+-----
Conjurations   | 2 |  2.7
Air Magic      | 4 |  4.2
Dodging        | |  2.1
Stealth        | |  2.0
Spellcasting   | |  2.6

Action                   || total
-------------------------++-------
Melee: Unarmed           ||    32
 Cast: Shock             ||    34
  Eat: Chunk             ||     1
Armor: Robe              ||     3
Dodge: Dodged            ||    26

Table legend:
 A = Spawn XP
 B = Non-spawn XP
 C = Spawn XP percentage of total XP
 D = Spawn monster count
 E = Non-spawn monster count
 F = Spawn count percentage of total count
 G = Total turns spent on level
                    A         B        C        D         E        F      G
               +---------+---------+-------+---------+---------+-------+---------
         Total |       0 |      66 |   0.0 |       0 |      19 |   0.0 |  1232
               +---------+---------+-------+---------+---------+-------+---------
           D:1 |       0 |      20 |   0.0 |       0 |      12 |   0.0 |   997
           D:2 |       0 |      46 |   0.0 |       0 |       7 |   0.0 |   235
               +---------+---------+-------+---------+---------+-------+---------
